 Dungeon Crawl Stone Soup version 0.31-a0-466-g98c9adc2b6 (webtiles) character file.

Game seed: 12927343449871001515

935 horus123 the Grave Robber (level 8, -3/55 (62) HPs)
             Began as a Human Gladiator on Aug 6, 2023.
             Was a Follower of Qazlal.
             Slain by a gnoll
             ... wielding a +0 spear
             ... led by a gnoll sergeant
              (6 damage)
             ... on level 5 of the Dungeon.
             The game lasted 00:08:33 (4740 turns).

horus123 the Grave Robber (Human Gladiator)         Turns: 4740, Time: 00:08:35

HP:   -3/55 (62)    AC:  5    Str: 15    XL:     8   Next: 33%
MP:   11/14         EV: 13    Int: 18    God:    Qazlal [*.....]
Gold: 175           SH:  1    Dex: 18    Spells: 10/15 levels left

rFire   x . .        s - +10 mace "Paygi" {freeze, Will+ rCorr Dex+3}
rCold   x . .        (no shield)
rNeg    . . .        D - +2 robe of the Distant Future {rPois rF- rC- Int+8}
rPois   +            c - +0 helmet
rElec   .            (no cloak)
rCorr   +            (no gloves)
SInv    .            (no boots)
Will    +....        (no amulet)
Stlth   ++           t - ring of wizardry
HPRegen 0.29/turn    (no ring)
MPRegen 0.14/turn

%: wizardry (x1)
@: very slightly contaminated, heavily drained
A: no striking features
a: Renounce Religion


You were on level 5 of the Dungeon.
You worshipped Qazlal.
Qazlal was aware of your devotion.
You visited 1 branch of the dungeon, and saw 5 of its levels.

You collected 175 gold pieces.

Inventory:

Hand Weapons
 a - a +0 trident
 s - the +10 mace "Paygi" (weapon) {freeze, Will+ rCorr Dex+3}
   (You found it on level 3 of the Dungeon)

   Dex:       It affects your dexterity (+3).
   rCorr:     It protects you from acid and corrosion.
   Will:      It increases your willpower.
Missiles
 d - 3 throwing nets
 e - a javelin
 u - 6 curare-tipped darts
Armour
 b - a +0 leather armour
 c - a +0 helmet (worn)
 f - a +0 scale mail
 i - a +0 chain mail
 x - a +0 plate armour
 D - the +2 robe of the Distant Future (worn) {rPois rF- rC- Int+8}
   (You found it on level 5 of the Dungeon)

   Int:       It affects your intelligence (+8).
   rF:        It makes you vulnerable to fire.
   rC:        It makes you vulnerable to cold.
   rPois:     It protects you from poison.
Jewellery
 t - a ring of wizardry (left hand)
Scrolls
 g - a scroll of teleportation {unknown}
 j - 2 scrolls of noise {unknown}
 k - 2 scrolls of vulnerability {unknown}
 l - a scroll of fog {unknown}
 m - a scroll of enchant armour {unknown}
 o - 2 scrolls of identify {unknown}
 p - a scroll of fear {unknown}
 r - a scroll of amnesia {unknown}
 v - a scroll of enchant weapon {unknown}
 y - a scroll of blinking {unknown}
 A - a scroll of poison {unknown}
 C - a scroll of immolation {unknown}
Potions
 h - 2 potions of enlightenment {unknown}
 n - 2 potions of brilliance {unknown}
 q - 2 potions of mutation {unknown}
 w - a potion of heal wounds {unknown}
 z - a potion of lignification {unknown}
 B - a potion of curing {unknown}


   Skills:
 - Level 5.0 Fighting
 - Level 1.3 Maces & Flails
 - Level 3.0 Polearms
 - Level 2.0 Throwing
 - Level 3.0 Dodging
 - Level 4.0 Spellcasting
 + Level 2.2 Conjurations
 - Level 5.2 Necromancy


You had 10 spell levels left.
You knew the following spells:

 Your Spells              Type           Power      Damage    Failure   Level
a - Necrotise             Necr           88%        1d8       1%          1
b - Kiss of Death         Conj/Necr      64%        2d10      1%          1
c - Vampiric Draining     Necr           22%        2d7       2%          3

Your spell library contained the following spells:

 Spells                   Type           Power      Damage    Failure   Level
 Summon Small Mammal      Summ           12%        N/A       6%          1
 Momentum Strike          Conj/Tloc      14%        3d8       6%          2
 Dispel Undead            Necr           22%        3d12      7%          4
 Blink                    Tloc           6%         N/A       9%          2
 Call Imp                 Summ           6%         N/A       9%          2
 Lesser Beckoning         Tloc           6%         N/A       9%          2
 Confusing Touch          Hex            3%         N/A       17%         3
 Agony                    Necr           22%        N/A       19%         5
 Summon Forest            Summ/Tloc      1%         N/A       82%         5
 Malign Gateway           Summ/Tloc      1%         N/A       100%        7


Dungeon Overview and Level Annotations

Branches:
Dungeon (5/15)
 Temple: D:4-7

Altars:
Qazlal


Message History

The walls and floor vibrate strangely for a moment.
There is a stone staircase leading up here.
The gnoll hits you from afar with a +0 spear.
The gnoll hits you with a +0 spear.
You barely miss the gnoll.
The gnoll sergeant hits you from afar with a +0 spear.
The gnoll hits you from afar with a +0 spear!
The gnoll closely misses you. The gnoll completely misses you.
You hit the gnoll. You freeze the gnoll.
The gnoll is severely wounded.
The gnoll sergeant hits you from afar with a +0 spear.
The jelly barely misses you. The gnoll completely misses you.
The gnoll hits you with a +0 spear. The gnoll hits you with a +0 flail.
You sock the gnoll! You freeze the gnoll.
You kill the gnoll!
Qazlal accepts your kill. The gnoll sergeant barely misses you.
The jelly closely misses you. The gnoll hits you but does no damage.
The gnoll hits you with a +0 spear!
The gnoll hits you from afar with a +0 spear.
The gnoll sergeant hits you from afar with a +0 spear.
* * * LOW HITPOINT WARNING * * *
The gnoll hits you with a +0 spear.
* * * LOW HITPOINT WARNING * * *
The jelly closely misses you.
Casting: Kiss of Death (safe; 1% risk of failure)
Confirm with . or Enter, or press ? or * to list all spells.
You don't know that spell.
Unknown command.
Aiming: Vampiric Draining (dangerous; 2% risk of failure)
Press: ? - help, Q - select action, (/) - cycle Shift-Dir - straight line, f - gnoll
Aim: a gnoll, wielding a +0 spear You miscast Vampiric Draining.
You are very lightly contaminated with residual magic.
Nothing appears to happen.
The gnoll sergeant hits you from afar with a +0 spear!
* * * LOW HITPOINT WARNING * * *
The jelly jiggles.
The jelly barely misses you.
The gnoll hits you from afar with a +0 spear.
You die...

......... ... ...............#
#... .#.#...##......###......#
.#.#.............#......#
.#.#...##.>....#.#......#
.#.#....................#.
..............g###.##.....
..........#....J)........... ....
.......##.....[g@○.........##....
.#............g##...###..........
.......####..(.##.<........#.....
###.#).####....##.......##.......
###....)................##.......
..#.....................+........
..#.#.J####.#..##..#....##)......
.................................
........g..........#.............


You could see a gnoll sergeant, a jelly and 2 gnolls.

Vanquished Creatures
  3 black bears (D:4)
  A phantom (D:5)
  A gnoll sergeant (D:5)
  2 scorpions
  A jelly (D:4)
  2 hounds
  Natasha (D:2)
  An orc wizard (D:4)
  8 gnolls
  7 adders
  A white imp (D:5)
  An ufetubus (D:5)
  A worm (D:2)
  A dart slug (D:4)
  11 orcs
  13 ball pythons
  6 bats
  4 endoplasms
  3 giant cockroaches
  10 goblins
  2 hobgoblins
  9 jackals
  5 quokkas
  5 frilled lizards
  8 kobolds
  4 rats
111 creatures vanquished.

Notes
Turn   | Place    | Note
-------+----------+-------------------------------------------
     0 | D:1      | horus123 the Human Gladiator began the quest for the Orb.
     0 | D:1      | Reached XP level 1. HP: 16/16 MP: 1/1
    73 | D:1      | Reached XP level 2. HP: 23/23 MP: 2/2
   355 | D:1      | Reached XP level 3. HP: 29/29 MP: 3/3
  1025 | D:2      | Found a faded altar of an unknown god.
  1322 | D:2      | Reached XP level 4. HP: 37/37 MP: 4/4
  1726 | D:2      | Noticed Natasha
  1734 | D:2      | Killed Natasha
  2154 | D:3      | Reached XP level 5. HP: 41/43 MP: 5/5
  2168 | D:3      | Identified the +10 mace "Paygi" {freeze, Will+ rCorr Dex+3}
  2275 | D:3      | Reached skill level 5 in Fighting
  2502 | D:3      | Reached skill level 1 in Maces & Flails
  3044 | D:3      | Learned a level 1 spell: Necrotise
  3239 | D:4      | Found a stormy altar of Qazlal.
  3241 | D:4      | Noticed an air elemental
  3242 | D:4      | Noticed a water elemental
  3242 | D:4      | Noticed a fire elemental
  3248 | D:4      | Became a worshipper of Qazlal Stormbringer
  3263 | D:4      | Noticed a black bear
  3272 | D:4      | Killed a black bear
  3273 | D:4      | Reached XP level 6. HP: 27/51 MP: 5/9
  3390 | D:4      | Noticed a black bear
  3399 | D:4      | Killed a black bear
  3415 | D:4      | Noticed a black bear
  3419 | D:4      | Killed a black bear
  3420 | D:4      | Reached skill level 1 in Necromancy
  3420 | D:4      | Reached XP level 7. HP: 37/56 MP: 11/13
  3544 | D:4      | Learned a level 1 spell: Kiss of Death
  3612 | D:4      | Reached * piety under Qazlal
  4066 | D:5      | Entered Level 5 of the Dungeon
  4224 | D:5      | Reached XP level 8. HP: 47/62 MP: 14/14
  4234 | D:5      | Reached skill level 5 in Necromancy
  4256 | D:5      | Identified the +2 robe of the Distant Future {rPois rF- rC-
                  | Int+8}
  4468 | D:5      | Got Viemext's Enchiridion on the Boggart
  4473 | D:5      | Learned a level 3 spell: Vampiric Draining
  4508 | D:5      | Reached skill level 1 in Conjurations
  4740 | D:5      | Slain by a gnoll

Illustrated notes

Levels and vault maps discovered:
D:1:      matt_arrival_debris, layout_basic, serial_bayou, serial_bayou_pond_d,
          serial_bayou_pond_c, serial_bayou_pond_c, serial_bayou_pond_d,
          serial_bayou_pond_b, serial_bayou_shore_b
D:2:      layout_basic, nicolae_ecumenical_oubliette, minmay_misc_feat_alley,
          uniq_natasha
D:3:      layout_basic
D:4:      cheibrodos_helix_gallery, layout_loops_ring,
          nicolae_qazlal_style_of_elements, grunt_ministairs_7,
          chequers_serial_rivers_large_a
D:5:      layout_basic, portal_sewer_entry_c

Skill      XL: |  1  2  3  4  5  6  7  8 |
---------------+-------------------------+-----
Fighting       | 3 4 5 |  5.0
Maces & Flails | 1 |  1.3
Spellcasting   | 2 4 |  4.0
Necromancy     | 1 4 5 |  5.2
Conjurations   | 2 |  2.2
Polearms       | |  3.0
Throwing       | |  2.0
Dodging        | |  3.0

Action                     |  1- 3 |  4- 6 |  7- 9 || total
---------------------------+-------+-------+-------++-------
  Melee: Trident           |    99 |    66 |       ||   165
         Punch             |       |     3 |       ||     3
         Mace              |       |    45 |    80 ||   125
  Throw: Dart              |       |     1 |       ||     1
   Cast: Kiss of Death     |       |       |     1 ||     1
   Stab: Distracted        |       |     1 |       ||     1
 Armour: Leather armour    |    14 |    14 |    18 ||    46
         Chain mail        |    25 |    42 |       ||    67
         Robe              |       |       |     7 ||     7
  Dodge: Dodged            |    42 |    64 |    89 ||   195
  Block: Other             |       |       |     3 ||     3

Table legend: (Time is in decaauts)
 A = Elapsed time spent in this place.
 B = Non-inter-level travel time spent in this place.
 C = Inter-level travel time spent in this place.
 D = Time resting spent in this place.
 E = Time spent auto-exploring this place.
 F = Levels seen in this place.
 G = Mean time per level.
                   A        B        C        D        E       F      G
               +--------+--------+--------+--------+--------+-----+--------+
         Total |   4851 |   4733 |    118 |    438 |   3419 |   5 |  970.2 |
       Dungeon |   4851 |   4733 |    118 |    438 |   3419 |   5 |  970.2 |
               +--------+--------+--------+--------+--------+-----+--------+

Top non-repeatable levels by time:
     D:4: 1350 daAuts
     D:1: 1080 daAuts
     D:2: 1052 daAuts
     D:3: 1018 daAuts
     D:5: 349 daAuts
